 Dungeon Crawl Stone Soup version 0.29.1-2-gbd0b4ee654 (webtiles) character file.

Game seed: 9243915291702609559

30 H0rd4k the Insei (level 3, -3/23 HPs)
             Began as an Octopode Transmuter on Oct 25, 2022.
             Killed from afar by a dart slug (6 damage)
             ... with a slug dart
             ... on level 2 of the Dungeon.
             The game lasted 00:00:28 (995 turns).

H0rd4k the Insei (Octopode Transmuter)               Turns: 995, Time: 00:00:29

Health: -3/23      AC:  1    Str:  9    XL:     3   Next: 20%
Magic:  6/6        EV: 13    Int: 17    God:
Gold:   41         SH:  0    Dex: 12    Spells: 5/6 levels left

rFire   . . .      SeeInvis .     - Unarmed
rCold   . . .      Faith    .   (no shield)
rNeg    . . .      Spirit   .   (helmet restricted)
rPois   .          Reflect  .   (no amulet)
rElec   .          Harm     .   (no ring)
rCorr   .          Rampage  .   (no ring)
Will    .....                   (no ring)
Stlth   ++........              (no ring)
HPRegen 0.07/turn               (no ring)
MPRegen 0.10/turn               (no ring)
                                (no ring)
                                (no ring)

@: no status effects
A: almost no armour, amphibious, 8 rings, camouflage 1, gelatinous body 1,
(nimble swimmer 1), tentacles
a: no special abilities


You were on level 2 of the Dungeon.
You visited 1 branch of the dungeon, and saw 2 of its levels.

You collected 41 gold pieces.

Inventory:

Scrolls
 b - a scroll of teleportation {unknown}
 c - a scroll of identify {unknown}
 d - a scroll of butterflies {unknown}
 e - a scroll of enchant weapon {unknown}
Potions
 a - 2 potions of lignification


   Skills:
 + Level 1.0 Fighting
 + Level 2.3 Dodging
 + Level 3.7 Unarmed Combat
 + Level 2.3 Spellcasting
 + Level 2.1 Transmutations


You had 5 spell levels left.
You knew the following spells:

 Your Spells              Type           Power      Damage    Failure   Level
a - Beastly Appendage     Tmut           18%        N/A       8%          1

Your spell library contained the following spells:

 Spells                   Type           Power      Damage    Failure   Level
 Wereblood                Tmut           9%         N/A       12%         2
 Spider Form              Tmut/Pois      5%         N/A       36%         3
 Ice Form                 Ice/Tmut       5%         N/A       77%         4


Dungeon Overview and Level Annotations

Branches:
Dungeon (2/15)

Altars:


Innate Abilities, Weirdness & Mutations

You cannot wear most types of armour.
You are amphibious.
You can wear up to eight rings at the same time.
Your skin changes colour to match your surroundings (Stealth+).
Your rubbery body absorbs attacks. (AC +1, EV +1)
((You are camouflaged when in or above water. (Stealth+)))
You have tentacles for arms and can constrict up to eight enemies at once.


Message History

Items here: $ ) ? †.
You tentacle-slap the adder. Your grab misses the adder.
The adder is moderately wounded.
The adder barely misses you.
You barely miss the adder. You grab the adder. You squeeze the adder.
The adder is heavily wounded.
You constrict the adder, but do no damage.
The adder completely misses you.
You tentacle-slap the adder. Your squeeze misses the adder.
The adder is heavily wounded.
You constrict the adder. The adder closely misses you. The adder bites you.
You are poisoned.
The adder poisons you!
You barely miss the adder.
The adder is heavily wounded.
You constrict the adder.
You feel sick. The adder misses you.
You tentacle-slap the adder.
You kill the adder!
You feel sick.
You have reached level 3!
Your experience leads to an increase in your attributes!
Increase (S)trength, (I)ntelligence, or (D)exterity?
You feel clever. x2
You closely miss the ball python. You grab the ball python.
You squeeze the ball python.
You kill the ball python!
You feel sick. The bat hits you but does no damage.
You barely miss the bat. You grab the bat. You squeeze the bat.
You kill the bat!
You feel sick.
You completely miss the goblin. You grab the goblin. You constrict the goblin.
You feel sick.
You are no longer poisoned.
The goblin hits you with a +0 club.
* * * LOW HITPOINT WARNING * * *
You tentacle-slap the goblin.
You kill the goblin!
The dart slug launches a dart at you. The slug dart hits you.
You die...

#.......#
###.....<.#
#.........#
##.......
#.####.####
#........ ...
#..## #........
.#
#...#####........
#.#....##.S..l...
#.####.##.S......
#.# #@##.......:
... #)##..w.....
#.# #lw#........
#. ##..........
#. #..!..........
#####.........
#.........
#.........
...#......


You could see a dart slug and a frilled lizard.

Vanquished Creatures
  An adder (D:2)
  A hobgoblin (D:1)
  5 jackals (D:1)
  2 kobolds
  A ball python (D:2)
  5 bats
  3 goblins
  4 rats
22 creatures vanquished.

Notes
Turn   | Place    | Note
-------+----------+-------------------------------------------
     0 | D:1      | H0rd4k the Octopode Transmuter began the quest for the Orb.
     0 | D:1      | Reached XP level 1. HP: 13/13 MP: 3/3
    31 | D:1      | Found a faded altar of an unknown god.
   408 | D:1      | Reached XP level 2. HP: 18/18 MP: 5/5
   992 | D:2      | Reached XP level 3. HP: 10/23 MP: 6/6
   995 | D:2      | Killed from afar by a dart slug

Illustrated notes

Levels and vault maps discovered:
D:1:      lemuel_arrival_muddy, layout_basic, shapermc_ecumenical_altar_pompeii
D:2:      layout_rooms, uniq_natasha

Action                   || total
-------------------------++-------
Melee: Unarmed           ||    48
       Constrict         ||    15
       Tentacles         ||    12
       Punch             ||     1
 Stab: Sleeping          ||     1
Armor: Skin              ||     6
Dodge: Dodged            ||    30
